[Event "FIDE Chesscom Grand Swiss 2019"]
[Site "Douglas-Isle of Man"]
[Date "2019.10.13"]
[Round "4.32"]
[White "Gavrilescu, David"]
[Black "Lu, Shanglei"]
[Result "0-1"]
[ECO "B51"]
[WhiteElo "2451"]
[BlackElo "2602"]
[Annotator "RC"]
[PlyCount "68"]
[EventDate "2019.10.10"]
[EventType "swiss"]
[EventCountry "GBR"]
[SourceTitle "playchess.com"]
[Source "ChessBase"]
[SourceQuality "1"]
[TimeControl "40/6000+30:20/3000+30:900+30"]

1. e4 c5 2. Nf3 d6 3. Bb5+ Nd7 4. c3 Ngf6 5. Bd3 a6 6. Bc2 b5 7. d4 e5 8. d5 Nb6 9. O-O g6 10. Qe2 Bd7 11. b3 Bg7 12. a4 O-O 13. Bd2 bxa4 14. bxa4 Qe8 15. a5 Bb5 16. Bd3 Bxd3 17. Qxd3 Nbxd5 18. Re1 Qb8 19. exd5 e4 20. Rxe4 Nxe4 21. Qxe4 Qb2 22. Qa4 Rab8 23. Be1 Rb5 24. h4 Re8 25. Nbd2 Bxc3 26. Rb1 Rxe1+ 27. Rxe1 Bxd2 28. Re8+ Kg7 29. Re7 Qf6 30. Qe4 Rb4 31. Qe2 Rb1+ 32. Kh2 Bf4+ 33. g3 Rb2 34. Qe1 Be5 0-1

[Event "FIDE Chesscom Grand Swiss 2019"]
[Site "Douglas-Isle of Man"]
[Date "2019.10.13"]
[Round "4.33"]
[White "Gonzalez Vidal, Yuri"]
[Black "Soumya, Swaminathan"]
[Result "1/2-1/2"]
[ECO "B31"]
[WhiteElo "2552"]
[BlackElo "2365"]
[Annotator "ChessBase"]
[PlyCount "87"]
[EventDate "2019.10.10"]
[EventType "swiss"]
[EventCountry "GBR"]
[SourceTitle "playchess.com"]
[Source "ChessBase"]
[SourceQuality "1"]
[TimeControl "40/6000+30:20/3000+30:900+30"]

1. e4 c5 2. Nf3 Nc6 3. Bb5 g6 4. Bxc6 dxc6 5. d3 Bg7 6. h3 Nf6 7. Nc3 Nd7 8. Be3 e5 9. Qd2 h6 10. O-O b6 11. Nh2 Nf8 12. Ne2 Ne6 13. Rae1 Qd6 14. b3 g5 15. Ng3 Nf4 16. Bxf4 exf4 17. e5 Qg6 18. Ne4 O-O 19. Qc3 Bf5 20. Nf6+ Bxf6 21. exf6 Rae8 22. Nf3 Re6 23. Rxe6 fxe6 24. Re1 Qxf6 25. Qxf6 Rxf6 26. Ne5 Kg7 27. a4 Rf8 28. a5 b5 29. Nxc6 a6 30. Re5 c4 31. Nb4 cxb3 32. cxb3 Rc8 33. Nxa6 Ra8 34. Nc7 Rxa5 35. d4 Ra7 36. Ne8+ Kg6 37. Nd6 Rd7 38. Nxf5 exf5 39. Rxb5 Rxd4 40. Rb6+ Kg7 41. Rb7+ Kg6 42. Rb6+ Kg7 43. Rb7+ Kg6 44. Rb6+ 1/2-1/2

[Event "FIDE Chesscom Grand Swiss 2019"]
[Site "Douglas-Isle of Man"]
[Date "2019.10.13"]
[Round "4.34"]
[White "Houska, Jovanka"]
[Black "Boruchovsky, Avital"]
[Result "1/2-1/2"]
[ECO "E11"]
[WhiteElo "2430"]
[BlackElo "2533"]
[Annotator "ChessBase"]
[PlyCount "90"]
[EventDate "2019.10.10"]
[EventType "swiss"]
[EventCountry "GBR"]
[SourceTitle "playchess.com"]
[Source "ChessBase"]
[SourceQuality "1"]
[TimeControl "40/6000+30:20/3000+30:900+30"]

1. d4 e6 2. c4 Bb4+ 3. Bd2 a5 4. g3 Nf6 5. Bg2 d5 6. Qc2 O-O 7. Nf3 b6 8. cxd5 exd5 9. O-O Be7 10. Ne5 Bb7 11. Nc3 Nbd7 12. Rfd1 Rc8 13. Bf4 Re8 14. Nb5 Bd6 15. Na7 Ra8 16. Nec6 Bxc6 17. Nxc6 Qc8 18. Rac1 Qb7 19. e3 Bxf4 20. gxf4 Nf8 21. b4 axb4 22. Nxb4 Ra7 23. Qc6 Qc8 24. Nxd5 Nxd5 25. Qxd5 Re6 26. Rd2 Rg6 27. Rdc2 Qg4 28. h3 Qc8 29. f5 Rg5 30. h4 Rxf5 31. Rxc7 Rxc7 32. Rxc7 Qxc7 33. Qxf5 g6 34. Qf6 Qc1+ 35. Kh2 Qc7+ 36. f4 Qc3 37. Qe5 Qe1 38. Kh3 h5 39. f5 Qe2 40. Qg3 Qxa2 41. Bf3 Qb1 42. fxg6 Nxg6 43. Qg5 Qf1+ 44. Bg2 Qd3 45. Bf3 Qf1+ 1/2-1/2

[Event "FIDE Chesscom Grand Swiss 2019"]
[Site "Douglas-Isle of Man"]
[Date "2019.10.13"]
[Round "4.35"]
[White "Baron, Tal"]
[Black "Dahl, Baard"]
[Result "1-0"]
[ECO "D02"]
[WhiteElo "2531"]
[BlackElo "2067"]
[Annotator "ChessBase"]
[PlyCount "57"]
[EventDate "2019.10.10"]
[EventType "swiss"]
[EventCountry "GBR"]
[SourceTitle "playchess.com"]
[Source "ChessBase"]
[SourceQuality "1"]
[TimeControl "40/6000+30:20/3000+30:900+30"]

1. d4 Nf6 2. Nf3 g6 3. Nbd2 d5 4. b4 Bg7 5. c4 a5 6. b5 dxc4 7. Bb2 Bf5 8. Ne5 Ng4 9. e4 Nxe5 10. dxe5 Be6 11. Bxc4 Qd7 12. a4 Bh6 13. Be2 O-O 14. Nf3 Qxd1+ 15. Rxd1 Bb3 16. Ra1 Bc2 17. e6 Bxe4 18. Bc4 Rd8 19. Ne5 fxe6 20. Bxe6+ Kf8 21. Nf7 Rd2 22. Bc1 Bg7 23. Bxd2 Bxa1 24. Ke2 Bg7 25. Ng5 Bf5 26. Bxf5 gxf5 27. Ne6+ Kf7 28. Nxc7 Ra7 29. b6 1-0

[Event "FIDE Chesscom Grand Swiss 2019"]
[Site "Douglas-Isle of Man"]
[Date "2019.10.13"]
[Round "4.37"]
[White "Hess, Robert"]
[Black "Solomon, Kenny"]
[Result "1-0"]
[ECO "E20"]
[WhiteElo "2581"]
[BlackElo "2382"]
[Annotator "RC"]
[PlyCount "109"]
[EventDate "2019.10.10"]
[EventType "swiss"]
[EventCountry "GBR"]
[SourceTitle "playchess.com"]
[Source "ChessBase"]
[SourceQuality "1"]
[TimeControl "40/6000+30:20/3000+30:900+30"]

1. d4 Nf6 2. c4 e6 3. Nc3 Bb4 4. g3 O-O 5. Bg2 d5 6. Nf3 dxc4 7. O-O Nc6 8. Qa4 Nd5 9. Qc2 Be7 10. Rd1 f6 11. e4 Nb6 12. Qe2 Qe8 13. Bf4 Bd8 14. Be3 Qh5 15. d5 exd5 16. Nxd5 Ne5 17. Nf4 Qf7 18. Nd4 Bg4 19. f3 Bd7 20. Nf5 Re8 21. g4 Be7 22. Nxe7+ Qxe7 23. b3 Rad8 24. bxc4 Nexc4 25. Nd5 Qf7 26. Nxc7 Ba4 27. Nxe8 Bxd1 28. Rxd1 Rxd1+ 29. Qxd1 Nxe3 30. Qd8 Qf8 31. Bh3 h6 32. Kf2 Nec4 33. g5 hxg5 34. Be6+ Kh8 35. Nd6 Qxd8 36. Nf7+ Kh7 37. Nxd8 Nd6 38. Ke3 Nbc4+ 39. Kd4 b5 40. Kc5 a6 41. Nc6 Nb7+ 42. Kd4 Nb6 43. Nb4 a5 44. Nd5 Nc4 45. Nc7 Ne5 46. Bd5 Nd8 47. Nxb5 Nxf3+ 48. Kc5 g4 49. Kb6 Kg6 50. Kxa5 Nxh2 51. Kb6 Nf3 52. a4 g3 53. Nc3 Nd4 54. e5 fxe5 55. a5 1-0

[Event "FIDE Chesscom Grand Swiss 2019"]
[Site "Douglas-Isle of Man"]
[Date "2019.10.13"]
[Round "4.38"]
[White "Zatonskih, Anna"]
[Black "Paehtz, Elisabeth"]
[Result "1-0"]
[ECO "A40"]
[WhiteElo "2422"]
[BlackElo "2489"]
[Annotator "ChessBase"]
[PlyCount "83"]
[EventDate "2019.10.10"]
[EventType "swiss"]
[EventCountry "GBR"]
[SourceTitle "playchess.com"]
[Source "ChessBase"]
[SourceQuality "1"]
[TimeControl "40/6000+30:20/3000+30:900+30"]

1. d4 e6 2. c4 b6 3. e4 Bb7 4. Bd3 Nc6 5. Nf3 Nb4 6. O-O Nxd3 7. Qxd3 Ne7 8. Nc3 Ng6 9. Be3 Be7 10. d5 O-O 11. Nd4 c5 12. Nf3 d6 13. Rad1 a6 14. Rb1 Bc8 15. b4 Bf6 16. bxc5 bxc5 17. dxe6 fxe6 18. Nd5 Be5 19. Nb6 Rxf3 20. Nxa8 Qh4 21. g3 Qh3 22. Rfd1 Rf8 23. Qf1 Qg4 24. Qg2 Bb7 25. h3 Qe2 26. Rd2 Qxc4 27. Rxb7 Rxa8 28. f4 Qc3 29. Rb3 Qa1+ 30. Kh2 c4 31. Rb7 c3 32. Rc2 Qd1 33. fxe5 Nxe5 34. Rf2 Rc8 35. Qf1 Qh5 36. Kg1 Qg6 37. Rc7 Rb8 38. Rxc3 Qxe4 39. Rf4 Qd5 40. Rb3 Rc8 41. Rc3 Rb8 42. Rc7 1-0

[Event "FIDE Chesscom Grand Swiss 2019"]
[Site "Douglas-Isle of Man"]
[Date "2019.10.13"]
[Round "4.39"]
[White "Ushenina, Anna"]
[Black "Kolbus, Dietmar"]
[Result "1-0"]
[ECO "D18"]
[WhiteElo "2431"]
[BlackElo "2300"]
[Annotator "ChessBase"]
[PlyCount "199"]
[EventDate "2019.10.10"]
[EventType "swiss"]
[EventCountry "GBR"]
[SourceTitle "playchess.com"]
[Source "ChessBase"]
[SourceQuality "1"]
[TimeControl "40/6000+30:20/3000+30:900+30"]

1. d4 d5 2. c4 c6 3. Nf3 Nf6 4. Nc3 dxc4 5. a4 Bf5 6. e3 Bd3 7. Bxd3 cxd3 8. Qxd3 e6 9. O-O Be7 10. e4 Na6 11. Rd1 Nb4 12. Qe2 a5 13. Ne5 O-O 14. Be3 Nd7 15. Nc4 Ra6 16. Rd2 Re8 17. Rad1 Bf8 18. Bf4 Nb6 19. Ne3 Bd6 20. Bg3 Ra8 21. Qh5 Qd7 22. b3 Qd8 23. Ne2 Qd7 24. Ng4 Bxg3 25. hxg3 f6 26. Qc5 Ra6 27. Ne3 Qe7 28. g4 Nd7 29. Qc4 Nb6 30. Qc3 Raa8 31. Ng3 Qf8 32. Nh5 Qe7 33. f3 Qf8 34. Qc5 Nd7 35. Qc3 Nb6 36. Kf2 Qe7 37. Nf4 Qc7 38. g3 Qe7 39. Rh1 Rad8 40. Rh5 Ra8 41. Rd1 Red8 42. Kg2 Re8 43. Ne2 Nd7 44. Rdh1 h6 45. Nc4 b6 46. Nf4 c5 47. d5 exd5 48. Nxd5 Nxd5 49. Rxd5 Reb8 50. Rhd1 Ra7 51. Qd3 Nf8 52. Ne3 Ne6 53. Nf5 Qe8 54. e5 Qf7 55. Qc4 fxe5 56. Rxe5 Nd4 57. Nxd4 Qxc4 58. bxc4 cxd4 59. Rxd4 Rc8 60. Re6 Rac7 61. Ree4 Rc6 62. Kf2 R8c7 63. Ke3 Kf7 64. Kd3 Kf6 65. Rd5 Kf7 66. Red4 Ke7 67. Rf5 Re6 68. Rdd5 Re1 69. Rfe5+ Rxe5 70. Rxe5+ Kd6 71. Rd5+ Kc6 72. g5 hxg5 73. Rxg5 Re7 74. f4 Kd6 75. Kd4 Kc6 76. Rg6+ Kb7 77. g4 Rd7+ 78. Ke5 Rc7 79. Kd5 Rd7+ 80. Rd6 Re7 81. f5 Kc7 82. Rc6+ Kb7 83. Re6 Rd7+ 84. Rd6 Re7 85. g5 Kc7 86. Rc6+ Kb7 87. Kd6 Rf7 88. Ke6 Rxf5 89. Rxb6+ Kxb6 90. Kxf5 Kc5 91. Kg6 Kxc4 92. Kxg7 Kb3 93. g6 Kxa4 94. Kh6 Ka3 95. g7 a4 96. g8=Q Kb2 97. Qg2+ Kb3 98. Qd5+ Kb2 99. Qd4+ Kb3 100. Qa1 1-0

[Event "FIDE Chesscom Grand Swiss 2019"]
[Site "Douglas-Isle of Man"]
[Date "2019.10.13"]
[Round "4.40"]
[White "Nebolsina, Vera"]
[Black "Prithu Gupta"]
[Result "0-1"]
[ECO "E11"]
[WhiteElo "2252"]
[BlackElo "2493"]
[Annotator "ChessBase"]
[PlyCount "72"]
[EventDate "2019.10.10"]
[EventType "swiss"]
[EventCountry "GBR"]
[SourceTitle "playchess.com"]
[Source "ChessBase"]
[SourceQuality "1"]
[TimeControl "40/6000+30:20/3000+30:900+30"]

1. Nf3 Nf6 2. d4 e6 3. c4 Bb4+ 4. Nbd2 O-O 5. a3 Be7 6. e4 d6 7. Be2 Nfd7 8. O-O e5 9. d5 a5 10. b3 f5 11. exf5 Nc5 12. Ne1 Bxf5 13. Bg4 Qc8 14. h3 Bxg4 15. Qxg4 Qxg4 16. hxg4 Bg5 17. Rb1 Nbd7 18. Nef3 Be7 19. Ne1 Nb6 20. Bb2 a4 21. b4 Nb3 22. Nef3 Rf4 23. Nxb3 axb3 24. Nd2 Rxg4 25. f3 Nxc4 26. Nxc4 Rxc4 27. Rfc1 b5 28. Rxc4 bxc4 29. Rc1 Bg5 30. Rxc4 Be3+ 31. Kf1 Bd4 32. Rxd4 exd4 33. Ke2 Re8+ 34. Kd3 Re3+ 35. Kxd4 Re2 36. Kc3 Rxg2 0-1

[Event "FIDE Chesscom Grand Swiss 2019"]
[Site "Douglas-Isle of Man"]
[Date "2019.10.13"]
[Round "4.41"]
[White "Jansa, Vlastimil"]
[Black "Batsiashvili, Nino"]
[Result "1/2-1/2"]
[ECO "C78"]
[WhiteElo "2452"]
[BlackElo "2422"]
[Annotator "ChessBase"]
[PlyCount "123"]
[EventDate "2019.10.10"]
[EventType "swiss"]
[EventCountry "GBR"]
[SourceTitle "playchess.com"]
[Source "ChessBase"]
[SourceQuality "1"]
[TimeControl "40/6000+30:20/3000+30:900+30"]

1. e4 e5 2. Nf3 Nc6 3. Bb5 a6 4. Ba4 Nf6 5. O-O Bc5 6. c3 O-O 7. d4 Ba7 8. Bg5 h6 9. Bh4 exd4 10. e5 g5 11. Bg3 Ne4 12. cxd4 d5 13. exd6 cxd6 14. d5 Ne7 15. Nbd2 Nxg3 16. hxg3 Bf5 17. Bc2 Rc8 18. Be4 Re8 19. Qb3 Qb6 20. Qxb6 Bxb6 21. Rac1 Bd7 22. Nc4 Bc5 23. Rfd1 f5 24. Bb1 b5 25. Na5 Bb6 26. Nb3 Rxc1 27. Nxc1 Bc8 28. Kf1 Bb7 29. a3 Kf7 30. Ne2 Kf6 31. Nc3 Rc8 32. Ba2 Ba5 33. Re1 Bxc3 34. Re6+ Kf7 35. bxc3 Rxc3 36. Rxd6 Rxa3 37. Ne5+ Ke8 38. Re6 Kd8 39. Nf7+ Kd7 40. Ne5+ Kd8 41. Rb6 Bxd5 42. Rd6+ Kc7 43. Rd7+ Kb6 44. Bxd5 Nxd5 45. Rxd5 a5 46. Rd2 a4 47. Ke2 Ra1 48. Kd3 a3 49. Kc3 Rb1 50. Nd3 Ka5 51. Ra2 b4+ 52. Kc4 Ka4 53. Nc5+ Ka5 54. Nb3+ Ka4 55. Nc5+ Ka5 56. Rc2 h5 57. Nb3+ Ka4 58. Nc5+ Ka5 59. f3 Rb2 60. Nb3+ Ka4 61. Nc5+ Ka5 62. Nb3+ 1/2-1/2

[Event "FIDE Chesscom Grand Swiss 2019"]
[Site "Douglas-Isle of Man"]
[Date "2019.10.13"]
[Round "4.42"]
[White "Wu, Li"]
[Black "Arkell, Keith C"]
[Result "0-1"]
[ECO "A35"]
[WhiteElo "2332"]
[BlackElo "2447"]
[Annotator "NA"]
[PlyCount "58"]
[EventDate "2019.10.10"]
[EventType "swiss"]
[EventCountry "GBR"]
[SourceTitle "playchess.com"]
[Source "ChessBase"]
[SourceQuality "1"]
[TimeControl "40/6000+30:20/3000+30:900+30"]

1. c4 c5 2. Nf3 Nc6 3. Nc3 g6 4. e3 Nf6 5. d4 cxd4 6. exd4 d5 7. cxd5 Nxd5 8. Qb3 Nxc3 9. Bc4 Nd5 10. Bxd5 e6 11. Bxc6+ bxc6 12. O-O Qd5 13. Bg5 Qxb3 14. axb3 Be7 15. Rfc1 f6 16. Bf4 g5 17. Bg3 Bb7 18. h4 h6 19. Ne1 Kf7 20. f4 Rhg8 21. Kf2 a6 22. Nf3 gxh4 23. Bxh4 Rac8 24. f5 exf5 25. Ra5 c5 26. dxc5 Rg4 27. c6 Rxc6 28. Rxc6 Bxc6 29. Bg3 Bb5 0-1

[Event "FIDE Chesscom Grand Swiss 2019"]
[Site "Douglas-Isle of Man"]
[Date "2019.10.13"]
[Round "4.43"]
[White "Allen, Keith"]
[Black "Bulmaga, Irina"]
[Result "0-1"]
[ECO "E33"]
[WhiteElo "2161"]
[BlackElo "2442"]
[Annotator "NA"]
[PlyCount "82"]
[EventDate "2019.10.10"]
[EventType "swiss"]
[EventCountry "GBR"]
[SourceTitle "playchess.com"]
[Source "ChessBase"]
[SourceQuality "1"]
[TimeControl "40/6000+30:20/3000+30:900+30"]

1. d4 Nf6 2. c4 e6 3. Nc3 Bb4 4. Qc2 Nc6 5. Nf3 O-O 6. Bd2 d6 7. a3 Bxc3 8. Bxc3 Re8 9. O-O-O Qe7 10. e3 e5 11. dxe5 dxe5 12. h3 a5 13. Kb1 Nd7 14. Be2 Nc5 15. g4 b6 16. h4 Bb7 17. Ng5 e4 18. f4 f6 19. Nh3 Nd3 20. Rh2 Ncb4 21. axb4 axb4 22. Be1 Ra7 23. Qb3 Rea8 24. c5+ Kh8 25. Bxb4 Bd5 26. Qc3 Ra1+ 27. Kc2 Rxd1 28. Bxd1 Ra4 29. Kb1 Rxb4 30. b3 bxc5 31. Nf2 c4 32. Nxd3 exd3 33. Rb2 h5 34. bxc4 Rxc4 35. Qd2 hxg4 36. Bxg4 Be4 37. Rb8+ Kh7 38. Bd1 Qa3 39. Bb3 Rc1+ 40. Qxc1 d2+ 41. Qc2 d1=Q# 0-1